 Dungeon Crawl Stone Soup version 0.21-a0-634-gaf8bc5d (webtiles) character file.

82800 Firecrotchwizard the Eclecticist (level 15, -3/95 HPs)
             Began as a Deep Elf Fire Elementalist on Dec 29, 2017.
             Was the Champion of Vehumet.
             Killed from afar by an ice dragon (42 damage)
             ... with a blast of cold
             ... on level 15 of the Dungeon on Dec 30, 2017.
             The game lasted 02:26:14 (31823 turns).

Firecrotchwizard the Eclecticist (DEFE)            Turns: 31823, Time: 02:26:15

Health: -3/95      AC: 13    Str:  5    XL:     15   Next: 30%
Magic:  14/45      EV: 30    Int: 27    God:    Vehumet [******]
Gold:   1664       SH:  4    Dex: 18    Spells: 20/45 levels left

rFire    . . .     SeeInvis .   a - +2 dagger (elec)
rCold    . . .     Gourm    .   (no shield)
rNeg     . . .     Faith    .   K - +2 robe {Archmagi}
rPois    +         Spirit   .   l - +2 helmet
rElec    +         Reflect  +   U - +0 cloak {rPois}
rCorr    .         Harm     .   H - +2 pair of gloves
MR       +....     Clarity  +   R - +1 pair of boots {run}
Stlth    ++........             Z - amulet "Luex" {Reflect +Blink rPois Dex+3 SH+4}
HPRegen  0.25/turn              Q - +6 ring of evasion
MPRegen  0.29/turn              W - ring of magical power {MP+9}

@: quick
A: hooves 1, clarity, electricity resistance
a: Renounce Religion, Evoke Blink


You were on level 15 of the Dungeon.
You worshipped Vehumet.
Vehumet was exalted by your worship.
You were not hungry.

You visited 4 branches of the dungeon, and saw 24 of its levels.
You also visited: Ice Cave.

You collected 2265 gold pieces.
You spent 601 gold pieces at shops.

Inventory:

Hand Weapons
 a - a +2 dagger of electrocution (weapon)
   (You took it off a goblin on level 6 of the Dungeon)
Missiles
 I - 5 throwing nets {=f, !d}
Armour
 h - a scarf of cloud immunity
   (You found it on level 2 of the Lair of Beasts)
 l - a +2 helmet (worn)
   (You found it on level 1 of the Dungeon)
 H - a +2 pair of gloves (worn)
   (You found it on level 8 of the Dungeon)
 J - the +0 leather armour "Qeix" {MR+ Regen+ Stlth+}
   (You took it off an orc wizard on level 6 of the Dungeon)

   It affects your resistance to hostile enchantments.
   It increases your rate of regeneration.
   It makes you more stealthy.
 K - a +2 robe of the Archmagi (worn)
   (You took it off Erica on level 9 of the Dungeon)
 L - the +2 robe "Dioxuaso" {+Blink rPois rCorr Dex+4}
   (You found it on level 3 of the Lair of Beasts)

   It affects your dexterity (+4).
   It protects you from poison.
   It lets you blink.
   It protects you from acid and corrosion.
 R - a +1 pair of boots of running (worn)
   (You bought it in a shop on level 5 of the Dungeon)
 U - a +0 cloak of poison resistance (worn)
   (You found it on level 2 of the Lair of Beasts)
Magical Staves
 X - an uncursed staff of energy {@w1+MP, hungerless spells, !d!a}
   (You found it on level 13 of the Dungeon)
Jewellery
 f - an uncursed ring of protection from fire {rF+, !d}
   (You took it off a deep elf mage on level 14 of the Dungeon)
 k - an uncursed ring of stealth {Stlth+}
   (You found it on level 5 of the Dungeon)
 w - an uncursed ring of see invisible {sInv, !d}
   (You found it on level 3 of the Dungeon)
 G - an uncursed amulet of magic regeneration {@e1}
   (You found it on level 8 of the Dungeon)
 Q - a +6 ring of evasion (left hand)
   (You took it off an orc on level 10 of the Dungeon)
 W - a ring of magical power (right hand) {MP+9}
   (You found it on level 10 of the Dungeon)
 Z - the amulet "Luex" (around neck) {Reflect +Blink rPois Dex+3 SH+4}
   (You bought it in a shop on level 2 of the Orcish Mines)

   [amulet of reflection]

   It shields you and reflects attacks.
   It affects your dexterity (+3).
   It protects you from poison.
   It lets you blink.
   It affects your SH (+4).
Wands
 i - a wand of paralysis (13)
   (You found it on level 9 of the Dungeon)
 n - a wand of enslavement (12)
   (You found it on level 6 of the Dungeon)
 r - a wand of flame (25)
   (You found it on level 3 of the Lair of Beasts)
 v - a wand of random effects (113)
   (You found it on level 3 of the Dungeon)
 M - a wand of polymorph (10)
   (You found it on level 9 of the Dungeon)
Scrolls
 g - 7 scrolls of magic mapping {!r}
 s - 2 scrolls of fog
 x - 6 scrolls of teleportation
 y - 3 scrolls of fear
 C - 5 scrolls of amnesia
 D - 3 scrolls of identify
 O - 5 scrolls of remove curse
 T - a scroll of blinking {!r}
Potions
 d - 3 potions of lignification {!q}
 e - 3 potions of haste
 j - 6 potions of brilliance
 m - 4 potions of flight
 o - 2 potions of invisibility {unknown}
 p - 6 potions of curing
 q - a potion of cancellation {unknown}
 u - 7 potions of heal wounds
 A - 3 potions of might
 B - 2 potions of degeneration {unknown}
 F - 6 potions of agility
 S - 2 potions of resistance
Books
 b - a book of Flames
 E - a book of Minor Magic
   (You found it on level 8 of the Dungeon)
 N - a book of Conjurations {@e1}
   (You found it on level 9 of the Dungeon)
 P - a book of the Sky
   (You found it on level 4 of the Lair of Beasts)
 V - a Grand Grimoire
   (You found it on level 6 of the Lair of Beasts)
 Y - a book of Air
   (You found it on level 12 of the Dungeon)
Comestibles
 c - 31 rations {@e1}
 t - 9 chunks of flesh {@w0}


   Skills:
 + Level 11.4 Fighting
 + Level 14.3 Dodging
 - Level 2.4 Stealth
 + Level 15.6 Spellcasting
 + Level 14.3 Conjurations
 - Level 2.0 Translocations
 - Level 11.5 Fire Magic


You had 20 spell levels left.
You knew the following spells:

 Your Spells              Type           Power        Failure   Level  Hunger
a - Flame Tongue          Conj/Fire      #####        0%          1    None
c - Conjure Flame         Conj/Fire      #######.     1%          3    None
d - Dazzling Spray        Conj/Hex       ######       1%          3    None
e - Iskenderun's Mystic   Conj           #######.     1%          4    None
f - Fireball              Conj/Fire      #######...   1%          5    None
s - Sticky Flame          Conj/Fire      #######.     1%          4    None
x - Mephitic Cloud        Conj/Pois/Air  ######..     1%          3    None
B - Blink                 Tloc           N/A          1%          2    None


Dungeon Overview and Level Annotations

Branches:
Dungeon (15/15)            Temple (1/1) D:7            Lair (6/6) D:8
  Swamp (0/4) Lair:2        Snake (0/4) Lair:3        Slime (0/5) Lair:5
    Orc (2/2) D:10            Elf (0/3) Orc:2        Vaults (0/5) D:13
 Depths: D:15

Altars:
Ashenzari
Cheibriados
Dithmenos
Elyvilon
Fedhas
Gozag
Hepliaklqana
Makhleb
Nemelex Xobeh
Okawaru
Qazlal
Ru
Trog
Uskayaw
Vehumet
The Shining One
Beogh
Jiyva

Shops:
D:5 [   D:6 (   D:9 %   Orc:1 *   Orc:2 *(:%

Annotations:
D:3 exclusion: orc priest, Robin
D:4 exclusion: worker ant
D:5 exclusion: orc priest
D:7 ricardofg's ghost, novice GnSk
Lair:2 exclusion: oklob plant
Lair:3 exclusion: Gastronok, Gastronok
Lair:5 exclusions: 2 entropy weavers, hydra, 3 soldier ants and 3 worker ants


Innate Abilities, Weirdness & Mutations

You have large cloven feet.
You possess an exceptional clarity of mind.
You are resistant to electric shocks. (rElec)


Message History

You feel a surge of power!
The fireball explodes!
The fireball engulfs the centaur warrior.
You kill the centaur warrior!
Vehumet accepts your kill.
You now have 28/45 mp.
You start resting.
A centaur comes into view.
Aim: a centaur You feel a surge of power!
The orb of energy hits the centaur.
The centaur wields a shortbow.
The centaur shoots an arrow.
The arrow closely misses you.
You now have 24/45 mp.
Aim: a centaur, wielding a shortbow (severely wounded)
You feel a surge of power!
The orb of energy hits the centaur.
You kill the centaur!
Vehumet accepts your kill.
You feel your power returning.
The orb of energy explodes!
You now have 22/45 mp.
There is a stone staircase leading down here.
You start resting.
Health restored: 95; MP restored: 45 You now have 1664 gold pieces (gained 21).
Items here: ( ))) = a longbow; an uncursed dire flail of protection; 23 arrows an uncursed ring of magical power {MP+9} a long sword You butcher the centaur corpse.
t - 3 chunks of flesh {@w0} You butcher the centaur corpse.
t - 9 chunks of flesh {@w0} (gained 6)
Things that are here:
a shortbow x2; 28 arrows
Things that are here:
a shortbow x2; 28 arrows
There is a stone staircase leading down here.
You climb downwards.
There is a stone staircase leading up here.
A fire dragon comes into view.
Aim: a fire dragon (hasn't noticed you)
You feel a surge of power!
The orb of energy misses the fire dragon.
The fire dragon roars deafeningly!
The fire dragon breathes flames at you. The blast of flame misses you.
You hear a deafening roar!
You now have 41/45 mp.
Aim: a fire dragon (catching its breath)
You feel a surge of power!
The orb of energy hits the fire dragon.
The orb of energy explodes!
The fire dragon barely misses you. The fire dragon misses you.
The fire dragon completely misses you.
You now have 37/45 mp.
Aim: a fire dragon (lightly wounded, catching its breath)
You feel a surge of power!
The orb of energy hits the fire dragon.
The orb of energy explodes!
The fire dragon barely misses you. You block the fire dragon's attack.
The fire dragon barely misses you.
You now have 33/45 mp.
Aim: a fire dragon (moderately wounded, catching its breath)
You feel a surge of power!
The orb of energy hits the fire dragon.
The orb of energy explodes!
The fire dragon breathes flames at you. The blast of flame hits you!
An ice dragon comes into view.
You take 40 damage, and have 55/95 hp.
MASSIVE DAMAGE!!
You now have 30/45 mp.
Aim: a fire dragon (heavily wounded, catching its breath)
You feel a surge of power!
The orb of energy hits the fire dragon.
The orb of energy explodes!
The mystic blast hits the ice dragon.
The fire dragon bites you!! The fire dragon completely misses you.
The fire dragon barely misses you.
You take 18 damage, and have 37/95 hp.
You now have 26/45 mp.
Aim: a fire dragon (almost dead)
You feel a surge of power!
The orb of energy hits the fire dragon.
The orb of energy explodes!
The fire dragon completely misses you. x2
The fire dragon tramples you but does no damage.
You now have 22/45 mp.
Aim: a fire dragon (almost dead)
You feel a surge of power!
The orb of energy hits the fire dragon.
You kill the fire dragon!
Vehumet accepts your kill.
You now have 19/45 mp.
Aim: an ice dragon (lightly wounded)
You feel a surge of power!
The sticky flame hits the ice dragon.
The ice dragon is burned terribly!
The ice dragon is covered in liquid flames!
The ice dragon burns!
The ice dragon bites you but does no damage.
The ice dragon claws you but does no damage.
The ice dragon completely misses you.
A shadow comes into view.
You now have 15/45 mp.
You feel a surge of power!
You blink.
The ice dragon burns!
You now have 13/45 mp.
The ice dragon burns!
The ice dragon burns!
The ice dragon breathes frost at you. The blast of cold hits you!
You die...

#.####W#.#
#.#....†.#
#.#.##.#
#.....D#
#......#
#.....##
#.....#
####.....#
#.....@.##
#.#####.#
#.#####.#
#.##....#
#.###.##.##.#
#........##<#
#####.......#
#######.......
########


You could see an ice dragon (burning).

Vanquished Creatures
  Kirke (D:14)
  Nessos (D:13)
  4 dire elephants (Lair:6)
  A fire dragon (D:15)
  An ogre mage (D:13)
  3 vault guards (D:13)
  Harold (Lair:4)
  9 hydras
  2 catoblepae
  Erica (D:9)
  A centaur warrior (D:14)
  An anaconda (Lair:6)
  9 two-headed ogres
  A tengu warrior (D:14)
  Urug (Lair:4)
  6 death yaks
  An orc high priest (Orc:2)
  2 fire crabs (Lair:2)
  An unseen horror (D:11)
  A wizard (D:14)
  6 orc knights
  2 deep elf magi (D:14)
  4 orc sorcerers
  8 ugly things
  An elephant (shapeshifter) (D:13)
  5 manticores
  2 cyclopes
  4 elephants (Lair:6)
  3 centaur zombies
  2 black mambas
  A gargoyle (D:13)
  A torpor snail (Lair:4)
  7 spiny frogs
  5 komodo dragons
  2 yaktaurs (D:13)
  4 trolls
  2 polar bears
  A harpy skeleton (D:14)
  9 blink frogs
  3 slime creatures (D:13)
  9 hippogriffs
  2 shadows
  A wyvern (D:13)
  41 yaks
  2 basilisks
  A yak (shapeshifter) (D:13)
  3 fire bats (Lair:2)
  A hog (D:14)
  7 vampire mosquitoes
  3 wargs
  4 hungry ghosts
  3 nagas (Lair:3)
  2 acid dragons (D:11)
  A hell hound (Lair:2)
  8 porcupines
  2 soldier ants (Lair:5)
  14 water moccasins
  3 sky beasts
  31 orc warriors
  2 ice beasts
  3 phantoms
  2 black bears
  A necrophage (D:11)
  17 ogres
  5 wolves
  28 centaurs
  13 crocodiles
  3 big kobolds
  22 bullfrogs
  4 scorpions
  8 wights
  An electric eel (Lair:2)
  9 howler monkeys
  A troll skeleton (D:11)
  A spriggan skeleton (D:11)
  3 crimson imps
  A bullfrog zombie (D:6)
  3 quasits
  A bullfrog skeleton (D:5)
  5 hounds
  2 jellies
  26 orc wizards
  18 orc priests
  5 centaur skeletons
  4 iguanas
  12 worker ants
  2 hound skeletons
  A howler monkey zombie (D:5)
  2 worker ant zombies
  11 adders
  11 gnolls
  2 shadow imps
  2 oozes
  An adder skeleton (D:9)
  2 worms
  A dart slug (D:4)
  8 leopard geckos
  99 orcs
  5 giant cockroaches
  21 goblins
  8 hobgoblins
  11 jackals
  6 quokkas
  2 ball pythons
  9 bats
  2 frilled lizards
  A jackal zombie (D:7)
  21 kobolds
  A leopard gecko skeleton (D:5)
  7 rats
  A fungus (Lair:1)
  4 plants (Lair:6)
699 creatures vanquished.

Vanquished Creatures (others)
  A polar bear (IceCv)
  A yak (IceCv)
  2 humans (D:14)
  An orc warrior (Orc:2)
  A centaur (D:13)
  An orc wizard (D:13)
  7 bushes
  18 fungi
  31 plants
63 creatures vanquished.

Grand Total: 762 creatures vanquished

Notes
Turn   | Place    | Note
-------+----------+-------------------------------------------
     0 | D:1      | Firecrotchwizard the Deep Elf Fire Elementalist began the quest for the Orb.
     0 | D:1      | Reached XP level 1. HP: 10/10 MP: 6/6
   342 | D:1      | Reached XP level 2. HP: 15/15 MP: 5/8
   410 | D:1      | Reached skill level 2 in Conjurations
   913 | D:1      | Reached XP level 3. HP: 18/19 MP: 7/10
  1265 | D:1      | Learned a level 3 spell: Conjure Flame
  1495 | D:2      | Found a sparkling altar of Nemelex Xobeh.
  1960 | D:2      | Reached skill level 3 in Conjurations
  2175 | D:3      | Reached skill level 4 in Fire Magic
  2175 | D:3      | Reached XP level 4. HP: 24/24 MP: 5/11
  2235 | D:3      | Reached skill level 4 in Spellcasting
  2384 | D:3      | Learned a level 4 spell: Sticky Flame
  2544 | D:3      | Noticed Robin
  2907 | D:3      | Noticed an ogre
  2928 | D:3      | Killed an ogre
  2928 | D:3      | Reached skill level 4 in Conjurations
  2928 | D:3      | Reached XP level 5. HP: 28/28 MP: 11/13
  3726 | D:4      | Reached XP level 6. HP: 32/32 MP: 15/15
  4154 | D:5      | Entered Level 5 of the Dungeon
  4154 | D:5      | Noticed a sky beast
  4303 | D:5      | Reached skill level 5 in Spellcasting
  4303 | D:5      | Reached skill level 5 in Conjurations
  4341 | D:5      | Learned a level 5 spell: Fireball
  4423 | D:5      | Reached skill level 5 in Fire Magic
  4525 | D:5      | Found Myoffeck's Armour Emporium.
  4856 | D:5      | Reached XP level 7. HP: 25/36 MP: 17/17
  5666 | D:5      | Reached skill level 6 in Conjurations
  5885 | D:5      | Reached skill level 6 in Spellcasting
  6643 | D:6      | Reached skill level 7 in Conjurations
  6711 | D:6      | Reached skill level 6 in Fire Magic
  6711 | D:6      | Reached XP level 8. HP: 34/41 MP: 20/20
  7270 | D:6      | Reached skill level 7 in Spellcasting
  7555 | D:6      | Reached skill level 8 in Conjurations
  7728 | D:6      | Got a polished leather armour
  7742 | D:6      | Identified the +0 leather armour "Qeix" {MR+ Regen+ Stlth+} (You took it off an orc wizard on level 6 of the Dungeon)
  7902 | D:6      | Found Lahoar's Antique Weapon Shoppe.
  8141 | D:6      | Noticed a two-headed ogre
  8162 | D:6      | Killed a two-headed ogre
  8162 | D:6      | Reached skill level 8 in Spellcasting
  8162 | D:6      | Reached skill level 9 in Conjurations
  8162 | D:6      | Reached skill level 7 in Fire Magic
  8162 | D:6      | Reached XP level 9. HP: 45/45 MP: 20/23
  8492 | D:7      | Found a staircase to the Ecumenical Temple.
  8517 | Temple   | Entered the Ecumenical Temple
  8538 | Temple   | Became a worshipper of Vehumet
  8629 | D:7      | Noticed ricardofg's ghost (novice GnSk)
  8898 | D:7      | Reached skill level 10 in Conjurations
  9116 | D:7      | Reached skill level 9 in Spellcasting
  9152 | D:7      | Reached skill level 8 in Fire Magic
  9598 | D:8      | Reached * piety under Vehumet
  9598 | D:8      | Offered knowledge of Sandblast by Vehumet.
  9601 | D:8      | Reached skill level 1 in Fighting
  9601 | D:8      | Reached skill level 3 in Dodging
  9610 | D:8      | Noticed a two-headed ogre
  9660 | D:7      | HP: 11/47 [bullfrog (5)]
  9949 | D:8      | Reached skill level 4 in Dodging
 10245 | D:8      | Reached skill level 2 in Fighting
 10245 | D:8      | Reached skill level 11 in Conjurations
 10282 | D:8      | Reached XP level 10. HP: 53/53 MP: 25/25
 10491 | D:8      | Learned a level 3 spell: Mephitic Cloud
 10494 | D:8      | Learned a level 2 spell: Blink
 10582 | D:8      | Reached ** piety under Vehumet
 10582 | D:8      | Offered knowledge of Sting by Vehumet.
 10589 | D:8      | Killed a two-headed ogre
 10589 | D:8      | Reached skill level 5 in Dodging
 10647 | D:8      | Reached skill level 3 in Fighting
 10653 | D:8      | Reached skill level 10 in Spellcasting
 10726 | D:8      | Found a staircase to the Lair.
 11130 | D:9      | Found an opulent altar of Gozag.
 11155 | D:9      | Found Goroown's Food Emporium.
 11159 | D:9      | Reached skill level 6 in Dodging
 11185 | D:9      | Noticed Erica
 11275 | D:9      | Reached skill level 1 in Translocations
 11406 | D:9      | Offered knowledge of Dazzling Spray by Vehumet.
 11411 | D:9      | Learned a level 3 spell: Dazzling Spray
 11480 | D:9      | Reached skill level 4 in Fighting
 11496 | D:9      | Reached skill level 2 in Translocations
 11647 | D:9      | Killed Erica
 11647 | D:9      | Reached skill level 7 in Dodging
 11660 | D:9      | Learned a level 4 spell: Iskenderun's Mystic Blast
 11920 | Lair:1   | Entered Level 1 of the Lair of Beasts
 11928 | Lair:1   | Noticed a seven-headed hydra
 11929 | Lair:1   | Reached XP level 11. HP: 62/62 MP: 27/27
 12769 | Lair:1   | Reached skill level 5 in Fighting
 13545 | Lair:1   | Reached skill level 8 in Dodging
 13675 | Lair:1   | Killed a seven-headed hydra
 14335 | Lair:2   | Reached *** piety under Vehumet
 14335 | Lair:2   | Reached skill level 9 in Dodging
 14346 | Lair:2   | Reached skill level 6 in Fighting
 14478 | Lair:2   | Found a transporter.
 14622 | Lair:2   | Noticed an oklob plant
 14640 | Lair:2   | Found a staircase to the Swamp.
 14869 | Lair:2   | Reached skill level 10 in Dodging
 15082 | Lair:2   | Offered knowledge of Ignite Poison by Vehumet.
 15181 | Lair:2   | Found a transporter.
 15183 | Lair:2   | Noticed a fire crab
 15188 | Lair:2   | Noticed a fire crab
 15393 | Lair:3   | Noticed a death yak
 15393 | Lair:3   | Noticed a death yak
 15393 | Lair:3   | Noticed a death yak
 15400 | Lair:2   | Killed a death yak
 15443 | Lair:3   | Found a frozen archway.
 15491 | IceCv    | Entered an ice cave
 15492 | IceCv    | Reached skill level 7 in Fighting
 15594 | Lair:3   | Noticed Gastronok
 15764 | Lair:3   | Got a sheer robe
 15942 | Lair:3   | Reached skill level 11 in Dodging
 16223 | Lair:3   | Noticed an eight-headed hydra
 16227 | Lair:3   | Killed an eight-headed hydra
 16227 | Lair:3   | Reached XP level 12. HP: 71/73 MP: 23/28
 16304 | Lair:3   | Found a staircase to the Snake Pit.
 16316 | Lair:3   | Identified the +2 robe "Dioxuaso" {+Blink rPois rCorr Dex+4} (You found it on level 3 of the Lair of Beasts)
 16489 | Lair:3   | Killed a death yak
 16527 | Lair:3   | Killed a death yak
 16983 | Lair:4   | Reached skill level 8 in Fighting
 16996 | Lair:4   | Noticed a death yak
 16996 | Lair:4   | Noticed a death yak
 16996 | Lair:4   | Noticed a death yak
 16996 | Lair:4   | Noticed a death yak
 16997 | Lair:4   | Noticed a death yak
 17041 | Lair:4   | Noticed an eight-headed hydra
 17041 | Lair:4   | Noticed a catoblepas
 17048 | Lair:3   | HP: 18/73 [eight-headed hydra (1)]
 17049 | Lair:3   | Killed an eight-headed hydra
 17497 | Lair:4   | Noticed Harold
 17497 | Lair:4   | Noticed a six-headed hydra
 17775 | Lair:4   | Noticed a death yak
 17799 | Lair:4   | Killed a death yak
 17799 | Lair:4   | Reached skill level 11 in Spellcasting
 17799 | Lair:4   | Reached skill level 12 in Conjurations
 17896 | Lair:4   | Noticed a six-headed hydra
 17908 | Lair:4   | Killed a six-headed hydra
 17908 | Lair:4   | Reached skill level 9 in Fire Magic
 17911 | Lair:4   | Reached **** piety under Vehumet
 18093 | Lair:4   | Killed Harold
 18230 | Lair:4   | Killed a catoblepas
 18491 | Lair:4   | Noticed an eight-headed hydra
 18492 | Lair:4   | Noticed Urug
 18501 | Lair:4   | Killed an eight-headed hydra
 18504 | Lair:4   | Killed Urug
 18873 | Lair:4   | Killed a death yak
 18914 | Lair:4   | Killed a death yak
 18914 | Lair:4   | Reached skill level 9 in Fighting
 19126 | D:5      | Offered knowledge of Stone Arrow by Vehumet.
 19154 | D:5      | Bought a +0 pair of boots of running for 441 gold pieces
 19321 | Lair:2   | Reached skill level 12 in Spellcasting
 19323 | Lair:2   | Reached XP level 13. HP: 71/80 MP: 25/31
 19328 | Lair:2   | Reached skill level 10 in Fire Magic
 19432 | Lair:2   | Got a crude chain mail
 20140 | Lair:5   | Noticed an entropy weaver
 20140 | Lair:5   | Noticed an entropy weaver
 20299 | Lair:5   | Found a viscous altar of Jiyva.
 20300 | Lair:5   | Found a staircase to the Slime Pits.
 20508 | Lair:6   | Entered Level 6 of the Lair of Beasts
 22313 | Lair:6   | Noticed a dire elephant
 22318 | Lair:6   | Killed a dire elephant
 22373 | Lair:6   | Noticed a dire elephant
 22373 | Lair:6   | Noticed a dire elephant
 22374 | Lair:6   | Found the +7 sceptre of Torment
 22384 | Lair:6   | Killed a dire elephant
 22384 | Lair:6   | Reached skill level 13 in Spellcasting
 22395 | Lair:6   | Killed a dire elephant
 22580 | Lair:6   | Noticed a dire elephant
 22592 | Lair:6   | Killed a dire elephant
 22592 | Lair:6   | Reached skill level 12 in Dodging
 22731 | D:10     | Entered Level 10 of the Dungeon
 22865 | D:10     | Found a hazy altar of Hepliaklqana.
 22932 | D:10     | Reached skill level 11 in Fire Magic
 22950 | D:10     | Reached ***** piety under Vehumet
 22959 | D:10     | Offered knowledge of Venom Bolt by Vehumet.
 23052 | D:10     | Found a staircase to the Orcish Mines.
 23548 | D:11     | Reached skill level 10 in Fighting
 24478 | D:11     | Reached XP level 14. HP: 67/88 MP: 33/33
 25296 | Orc:1    | Entered Level 1 of the Orcish Mines
 25473 | Orc:1    | Reached skill level 13 in Conjurations
 25526 | Orc:2    | Entered Level 2 of the Orcish Mines
 25771 | Orc:2    | Found a staircase to the Elven Halls.
 25836 | Orc:2    | Offered knowledge of Poison Arrow by Vehumet.
 25876 | Orc:2    | Reached skill level 14 in Spellcasting
 26535 | Orc:2    | Reached skill level 13 in Dodging
 26720 | Orc:2    | Found Males's Antique Weapon Shop.
 26720 | Orc:2    | Found Acyos's Book Shoppe.
 26722 | Orc:2    | Found Nuimait's Food Emporium.
 26724 | Orc:2    | Found Tuizaist's Assorted Antiques.
 26741 | Orc:2    | Bought a crude golden amulet for 160 gold pieces
 26784 | Orc:2    | Identified the amulet "Luex" {Reflect +Blink rPois Dex+3 SH+4} (You bought it in a shop on level 2 of the Orcish Mines)
 26814 | Orc:2    | Found a roughly hewn altar of Beogh.
 27977 | Orc:1    | Found Leorgh's General Store.
 29180 | D:13     | Found a gate to the Vaults.
 29396 | D:13     | Reached skill level 11 in Fighting
 29664 | D:13     | Reached skill level 15 in Spellcasting
 29671 | D:13     | Noticed Nessos
 29674 | D:13     | Killed Nessos
 30163 | D:14     | Reached skill level 14 in Conjurations
 30254 | D:14     | Reached XP level 15. HP: 94/94 MP: 32/36
 30320 | D:14     | Reached skill level 14 in Dodging
 30489 | D:14     | Gained mutation: You have large cloven feet. [potion of mutation]
 30489 | D:14     | Gained mutation: You are resistant to electric shocks. (rElec) [potion of mutation]
 30489 | D:14     | Gained mutation: You possess an exceptional clarity of mind. [potion of mutation]
 30869 | D:14     | Reached ****** piety under Vehumet
 30999 | D:14     | Noticed Kirke
 31007 | D:14     | Killed Kirke
 31371 | D:14     | Offered knowledge of Irradiate by Vehumet.
 31462 | D:15     | Entered Level 15 of the Dungeon
 31823 | D:15     | Killed from afar by an ice dragon

Vault maps used:
D:1:      scummos_arrival_checkerplants, st_stairs_4
D:2:      lemuel_crystal_altar, first_ration, glass_columns_b
D:3:      uniq_robin
D:5:      serial_shops, kennysheep_little_box
D:6:      serial_shops, shop, corexii_checkpoint_a, minmay_crystal_water
D:7:      minmay_temple_entry_mist
D:8:      corexii_shantytown, minmay_lair_entry_grove
D:9:      serial_shops, nicolae_shop_waterfront, grunt_ogre_cave,
          nicolae_gozag_seed_capital, uniq_erica
D:10:     hiddenorc1_lemuel, basic_altar
D:11:     hangedman_tell_no_tales
D:12:     small_statue_alley_a
D:13:     grunt_vaults_entry_fortified, uniq_nessos
D:14:     minmay_misc_feat_encased, uniq_kirke
D:15:     grunt_enter_depths_hoard, minmay_crystal_room
Temple:   grunt_wide_crystal_templ
Lair:1:   serial_bayou_shore_a, serial_bayou_shore_b
Lair:2:   gammafunk_cloud_chamber, minmay_swamp_entry_worms,
          minmay_lair_oklob_chamber, lemuel_fruit_tree, serial_bayou_shore_b,
          grunt_megastairs_3, serial_bayou_shore_b, infiniplex_staircase_pool
Lair:3:   minmay_snake_entry_guardpost_small, portal_ice_cave_entry_pillars_1,
          beast_lair_carwin_11, uniq_gastronok
Lair:4:   uniq_harold, uniq_urug, uniq_sonja
Lair:5:   slime_altar_1, minivault_29
Lair:6:   due_jungle_book
Orc:1:    serial_shops, nicolae_shop_trees
Orc:2:    st_orc_rangers, basic_altar
IceCv:    ice_cave_caverns_02

Skill      XL: |  1  2  3  4  5  6  7  8  9 10 11 12 13 14 15 |
---------------+----------------------------------------------+-----
Conjurations   | 2 3 4 5 7 9 11 12 14 | 14.3
Fire Magic     | 4 5 6 7 8 9 11 | 11.5
Spellcasting   | 4 5 6 8 9 10 12 13 15 | 15.6
Fighting       | 2 4 7 9 10 11 | 11.4
Dodging        | 4 7 11 12 13 14 | 14.3
Translocations | 2 |  2.0
Stealth        | |  2.4

Action                   |  1- 3 |  4- 6 |  7- 9 | 10-12 | 13-15 || total
-------------------------+-------+-------+-------+-------+-------++-------
Melee: Dagger            |    15 |    30 |   165 |    57 |    77 ||   344
Throw: Stone             |     6 |       |       |       |       ||     6
 Cast: Flame Tongue      |    84 |    94 |   211 |   328 |   585 ||  1302
       Conjure Flame     |     1 |     4 |     3 |     8 |     1 ||    17
       Sticky Flame      |       |     5 |    30 |    87 |   119 ||   241
       Fireball          |       |       |     4 |    50 |   119 ||   173
       Iskenderun's Myst |       |       |       |     7 |   143 ||   150
       Dazzling Spray    |       |       |       |     1 |       ||     1
       Mephitic Cloud    |       |       |       |     2 |     4 ||     6
       Blink             |       |       |       |     1 |     5 ||     6
Evoke: Wand              |       |       |       |     6 |     2 ||     8
       Staff of energy   |       |       |       |       |     2 ||     2
  Use: Scroll            |       |     7 |    12 |     7 |     8 ||    34
       Potion            |       |       |       |       |     2 ||     2
 Stab: Sleeping          |     1 |       |     1 |       |       ||     2
  Eat: Chunk             |     4 |     5 |    10 |    12 |    13 ||    44
       Ration            |       |     1 |     3 |     7 |     8 ||    19
Armor: Robe              |     9 |     9 |    35 |    12 |    64 ||   129
       Leather armour    |       |       |    19 |    17 |       ||    36
Dodge: Dodged            |    30 |    38 |   122 |   162 |   414 ||   766
Block: Other             |       |       |       |       |    25 ||    25
       Reflection        |       |       |       |       |     9 ||     9

Table legend:
 A = Spawn XP
 B = Non-spawn XP
 C = Spawn XP percentage of total XP
 D = Spawn monster count
 E = Non-spawn monster count
 F = Spawn count percentage of total count
 G = Total turns spent on level
                    A         B        C        D         E        F      G
               +---------+---------+-------+---------+---------+-------+---------
         Total |       0 |  118286 |   0.0 |       0 |     696 |   0.0 | 31823
               +---------+---------+-------+---------+---------+-------+---------
           D:1 |       0 |      51 |   0.0 |       0 |      25 |   0.0 |  1478
           D:2 |       0 |      37 |   0.0 |       0 |      14 |   0.0 |   572
           D:3 |       0 |     169 |   0.0 |       0 |      21 |   0.0 |  1143
           D:4 |       0 |     143 |   0.0 |       0 |      15 |   0.0 |  1218
           D:5 |       0 |     755 |   0.0 |       0 |      31 |   0.0 |  1968
           D:6 |       0 |    2238 |   0.0 |       0 |      36 |   0.0 |  2164
           D:7 |       0 |    1426 |   0.0 |       0 |      26 |   0.0 |  1312
           D:8 |       0 |    3899 |   0.0 |       0 |      48 |   0.0 |  3105
           D:9 |       0 |    2282 |   0.0 |       0 |      23 |   0.0 |   827
          D:10 |       0 |    1192 |   0.0 |       0 |      43 |   0.0 |   681
          D:11 |       0 |    8719 |   0.0 |       0 |      59 |   0.0 |  1251
          D:12 |       0 |    3088 |   0.0 |       0 |      16 |   0.0 |  1158
          D:13 |       0 |   19771 |   0.0 |       0 |      57 |   0.0 |  1599
          D:14 |       0 |   15581 |   0.0 |       0 |      37 |   0.0 |  1449
          D:15 |       0 |    1715 |   0.0 |       0 |       7 |   0.0 |   229
        Lair:1 |       0 |    2643 |   0.0 |       0 |      10 |   0.0 |   753
        Lair:2 |       0 |    7034 |   0.0 |       0 |      30 |   0.0 |  1438
        Lair:3 |       0 |    7206 |   0.0 |       0 |      19 |   0.0 |  2057
        Lair:4 |       0 |   12287 |   0.0 |       0 |      28 |   0.0 |  1469
        Lair:5 |       0 |    3135 |   0.0 |       0 |      14 |   0.0 |  1009
        Lair:6 |       0 |   11124 |   0.0 |       0 |      25 |   0.0 |  2099
         Orc:1 |       0 |    2217 |   0.0 |       0 |      25 |   0.0 |   591
         Orc:2 |       0 |   11040 |   0.0 |       0 |      83 |   0.0 |  2134
         IceCv |       0 |     534 |   0.0 |       0 |       4 |   0.0 |    80
               +---------+---------+-------+---------+---------+-------+---------

Vault maps used:
D:1:      scummos_arrival_checkerplants, st_stairs_4
D:2:      lemuel_crystal_altar, first_ration, glass_columns_b
D:3:      uniq_robin
D:5:      serial_shops, kennysheep_little_box
D:6:      serial_shops, shop, corexii_checkpoint_a, minmay_crystal_water
D:7:      minmay_temple_entry_mist
D:8:      corexii_shantytown, minmay_lair_entry_grove
D:9:      serial_shops, nicolae_shop_waterfront, grunt_ogre_cave,
          nicolae_gozag_seed_capital, uniq_erica
D:10:     hiddenorc1_lemuel, basic_altar
D:11:     hangedman_tell_no_tales
D:12:     small_statue_alley_a
D:13:     grunt_vaults_entry_fortified, uniq_nessos
D:14:     minmay_misc_feat_encased, uniq_kirke
D:15:     grunt_enter_depths_hoard, minmay_crystal_room
Temple:   grunt_wide_crystal_templ
Lair:1:   serial_bayou_shore_a, serial_bayou_shore_b
Lair:2:   gammafunk_cloud_chamber, minmay_swamp_entry_worms,
          minmay_lair_oklob_chamber, lemuel_fruit_tree, serial_bayou_shore_b,
          grunt_megastairs_3, serial_bayou_shore_b, infiniplex_staircase_pool
Lair:3:   minmay_snake_entry_guardpost_small, portal_ice_cave_entry_pillars_1,
          beast_lair_carwin_11, uniq_gastronok
Lair:4:   uniq_harold, uniq_urug, uniq_sonja
Lair:5:   slime_altar_1, minivault_29
Lair:6:   due_jungle_book
Orc:1:    serial_shops, nicolae_shop_trees
Orc:2:    st_orc_rangers, basic_altar
IceCv:    ice_cave_caverns_02

Table legend:
 A = Turns spent in this place as a percentage of turns spent in the entire game.
 B = Non-inter-level travel turns spent in this place as a percentage of non-inter-level travel turns spent in the entire game.
 C = Inter-level travel turns spent in this place as a percentage of turns spent in this place.
 D = Turns resting spent in this place as a percentage of non-inter-level travel turns spent in this place.
 E = Turns spent auto-exploring this place as a percentage of non-inter-level travel turns spent in this place.
 F = Non-inter-level travel turns spent in this place divided by the number of levels of this place that you've seen.
                   A       B       C       D       E      F
               +-------+-------+-------+-------+-------+----------------------
         Total | 100.0 | 100.0 |   5.2 |  42.1 |  36.1 | 1207.2
       Dungeon |  63.3 |  63.7 |   4.7 |  42.6 |  35.2 | 1280.9
        Temple |   0.1 |   0.1 |  43.6 |   0.0 |  54.5 |  22.0
          Lair |  27.7 |  27.5 |   6.1 |  38.5 |  41.4 | 1381.7
  Orcish Mines |   8.6 |   8.5 |   5.5 |  48.5 |  27.0 | 1287.0
      Ice Cave |   0.3 |   0.3 |   0.0 |  67.5 |   0.0 |  80.0
               +-------+-------+-------+-------+-------+----------------------

Table legend:
 A = Kills in this place as a percentage of kills in entire the game.
 B = Kills by you in this place as a percentage of kills by you in the entire game.
 C = Kills by friends in this place as a percentage of kills by friends in the entire game.
 D = Other kills in this place as a percentage of other kills in the entire game.
 E = Experience gained in this place as a percentage of experience gained in the entire game.
 F = Experience gained in this place divided by the number of levels of this place that you have seen.
                   A       B       C       D       E      F
               +-------+-------+-------+-------+-------+----------------------
         Total | 100.0 | 100.0 |   N/A | 100.0 | 100.0 | 4731.4
       Dungeon |  65.8 |  65.9 |   N/A |  50.0 |  51.6 | 4071.1
          Lair |  18.1 |  18.2 |   N/A |   0.0 |  36.7 | 7238.2
  Orcish Mines |  15.5 |  15.4 |   N/A |  50.0 |  11.2 | 6628.5
      Ice Cave |   0.6 |   0.6 |   N/A |   0.0 |   0.5 | 534.0
               +-------+-------+-------+-------+-------+----------------------
